 Dungeon Crawl Stone Soup version 0.25-a0-1079-g858b6a6ff6 (webtiles) character file.

Game seed: 8924134347484222594, levelgen mode: classic

772 Amnesiac the Cutter (level 7, -4/40 HPs)
             Began as a Deep Elf Fighter on May 16, 2020.
             Splashed by an oklob plant's acid (15 damage)
             ... on level 6 of the Dungeon.
             The game lasted 00:09:06 (5182 turns).

Amnesiac the Cutter (Deep Elf Fighter)              Turns: 5182, Time: 00:09:07

Health: -4/40      AC:  4    Str: 15    XL:     7   Next: 53%
Magic:  11/11      EV:  8    Int: 13    God:
Gold:   217        SH:  9    Dex: 20    Spells: 6/6 levels left

rFire    . . .     SeeInvis .   a - +0 rapier
rCold    + . .     Gourm    .   c - +0 kite shield
rNeg     . . .     Faith    +   b - +0 scale mail
rPois    .         Spirit   .   (no helmet)
rElec    .         Reflect  .   g - +0 cloak
rCorr    .         Harm     .   h - +1 pair of gloves
MR       .....                  m - +2 pair of boots
Stlth    ..........             s - amulet of faith
HPRegen  0.13/turn              e - +6 ring of dexterity
MPRegen  0.12/turn              l - ring of protection from cold

@: corroded
A: no striking features
a: no special abilities


You were on level 6 of the Dungeon.
You were hungry.

You visited 1 branch of the dungeon, and saw 6 of its levels.

You collected 217 gold pieces.

Inventory:

Hand Weapons
 a - a +0 rapier (weapon)
 d - a +2 whip of electrocution
 p - a +0 hunting sling
Missiles
 i - 46 arrows
Armour
 b - a +0 scale mail (worn)
 c - a +0 kite shield (worn)
 g - a +0 cloak (worn)
 h - a +1 pair of gloves (worn)
 m - a +2 pair of boots (worn)
Jewellery
 e - a +6 ring of dexterity (left hand)
 l - a ring of protection from cold (right hand)
 s - an amulet of faith (around neck)
 z - an uncursed ring of magical power
Scrolls
 o - 2 scrolls of teleportation {!r}
 q - 2 scrolls of remove curse {!r}
 x - 2 scrolls of amnesia {!r}
Potions
 j - a potion of might {!q}
 n - a potion of flight {!q}
 r - 4 potions of curing {!q}
 w - a potion of invisibility {!q}
Comestibles
 f - 15 rations


   Skills:
 - Level 2.4 Fighting
 * Level 7.5 Short Blades
 - Level 2.4 Armour
 - Level 2.4 Dodging
 - Level 2.5 Shields
   Level 3.6 Evocations


You had 6 spell levels left.
You didn't know any spells.
Your spell library was empty.

Dungeon Overview and Level Annotations

Branches:
Dungeon (6/15)
 Temple: D:4-7

Altars:
Ashenzari
Dithmenos
Kikubaaqudgha
Qazlal
Ru
Sif Muna
Trog
Yredelemnul
Zin
The Shining One

Annotations:
D:6 exclusion: oklob plant


Message History

As you read the scroll labeled HOXIAM TEACZEE {!r}, it crumbles to dust.
It is a scroll of enchant armour.
Your +0 pair of gloves glows green for a moment.
Okay, then.
f - 15 rations (gained 1)
j - a potion of might {!q}
i - 46 arrows (gained 11)
You are feeling hungry.
You open the door.
There is an open door here.
There is a shattered altar of Ashenzari here.
Things that are here:
a +0 pair of boots; a potion of stabbing {!q} Done exploring.
Done exploring.
Done exploring.
Done exploring.
(D) Dungeon
Where to? (Enter - D:4, ? - help)
What level of the Dungeon? (default 1, ? - help)
There is a stone staircase leading down here.
You climb downwards.
A jackal, 2 orcs, an orc warrior and an orc wizard come into view.
The orc warrior shouts!
The orc shouts! x2; The orc wizard shouts!
You hear a shout!
Found a glowing golden altar of the Shining One.
There is a stone staircase leading up here.
A jackal comes into view.
Your shield and scale mail prevent you from hitting the orc.
You hit the orc.
The orc is moderately wounded.
The orc hits you with a +0 war axe.
The orc wizard looks encouraged for a moment.
You climb upwards.
There is a stone staircase leading down here.
You puncture the orc wizard!
The orc wizard is heavily wounded.
The orc wizard hits you with a +0 dagger.
You hit the orc wizard.
The orc wizard is severely wounded.
You block the orc wizard's attack.
You puncture the orc wizard!
You kill the orc wizard!
No target in view!
No target in view!
Things that are here:
a +0 dagger; a +0 robe Done exploring.
Done exploring.
HP restored.
There is a stone staircase leading down here.
You climb downwards.
An oklob plant comes into view.
The oklob plant spits acid at you. The splash of acid hits you.
The acid corrodes you!
You are splashed with acid!
Marking area around an oklob plant as unsafe for travelling.
Found a shadowy altar of Dithmenos.
There is a stone staircase leading up here.
You aren't carrying any items that you can evoke.
The oklob plant spits acid at you. The splash of acid hits you!!
* * * LOW HITPOINT WARNING * * *
The acid corrodes you!
You are splashed with acid!
You die...

.#.######
........####
#@..P#
#..P_P#
....P.#
##.....#
##.#.###
..#.#
....####
.......## #
..h.O


You could see an oklob plant.

Vanquished Creatures
  A sky beast (D:5)
  A phantom (D:4)
  An ogre (D:4)
  A crimson imp (D:5)
  A hound (D:4)
  2 orc wizards
  4 orc priests
  A bullfrog zombie (D:5)
  A worker ant (D:4)
  9 adders
  A shadow imp (D:5)
  3 oozes
  3 worms
  3 dart slugs
  A leopard gecko (D:4)
  12 orcs
  8 bats
  A giant cockroach (D:2)
  2 gnoll zombies (D:2)
  6 goblins
  7 hobgoblins
  9 jackals
  4 kobolds
  4 quokkas
  8 frilled lizards
  A quokka skeleton (D:4)
  11 rats
106 creatures vanquished.

Notes
Turn   | Place    | Note
-------+----------+-------------------------------------------
     0 | D:1      | Amnesiac the Deep Elf Fighter began the quest for the Orb.
     0 | D:1      | Reached XP level 1. HP: 13/13 MP: 3/3
   197 | D:1      | Reached XP level 2. HP: 17/18 MP: 4/4
   415 | D:1      | Reached skill level 1 in Dodging
   660 | D:2      | Reached skill level 3 in Short Blades
   673 | D:2      | Reached XP level 3. HP: 8/22 MP: 5/5
  1210 | D:2      | Found a basalt altar of Yredelemnul.
  1369 | D:2      | Reached XP level 4. HP: 6/27 MP: 6/6
  2228 | D:3      | Reached skill level 4 in Short Blades
  2592 | D:3      | Reached skill level 1 in Evocations
  2794 | D:3      | Reached XP level 5. HP: 31/31 MP: 7/7
  2818 | D:3      | Reached skill level 5 in Short Blades
  3284 | D:3      | Found a shimmering blue altar of Sif Muna.
  3284 | D:3      | Found a sacrificial altar of Ru.
  3464 | D:4      | Found a bloodstained altar of Trog.
  3494 | D:4      | Reached XP level 6. HP: 26/36 MP: 9/9
  3756 | D:4      | Reached skill level 6 in Short Blades
  3868 | D:4      | Found an ancient bone altar of Kikubaaqudgha.
  3922 | D:4      | Found a stormy altar of Qazlal.
  3954 | D:4      | Reached XP level 7. HP: 21/40 MP: 11/11
  4252 | D:4      | Found a glowing silver altar of Zin.
  4438 | D:5      | Entered Level 5 of the Dungeon
  4520 | D:5      | Reached skill level 7 in Short Blades
  4803 | D:5      | Found a shattered altar of Ashenzari.
  5121 | D:6      | Found a glowing golden altar of the Shining One.
  5181 | D:6      | Found a shadowy altar of Dithmenos.
  5181 | D:6      | Noticed an oklob plant
  5182 | D:6      | Splashed by an oklob plant's acid

Illustrated notes

Levels and vault maps discovered:
D:1:      minmay_arrival_radiant_lines, layout_basic
D:2:      layout_basic, lemuel_zombie_altar_yredelemnul, serial_curves,
          eino_curves_02, eino_curves_01, eino_curves_01
D:3:      layout_basic, grunt_temple_overflow_open
D:4:      layout_basic, lightli_temple_of_fire, kennysheep_mini_moat,
          kiku_gazebo_pond_becter, zin_statuary, minmay_fractal_squares_5
D:5:      layout_basic, lemuel_round_altar, first_ration, chequers_avenue
D:6:      layout_loops_cross, grunt_temple_overflow_lords_of_destruction,
          marbit_many_paths, lemuel_crystal_altar,
          nicolae_overflow_crystal_walls, gammafunk_temple_overflow_wave,
          serial_shops, shop, basic_altar, lemuel_oklob_altar, uniq_edmund

Skill      XL: |  1  2  3  4  5  6  7 |
---------------+----------------------+-----
Dodging        | 1 2 |  2.4
Short Blades   | 3 4 5 6 7 |  7.5
Evocations     | 1 2 3 |  3.6
Fighting       | |  2.4
Armour         | |  2.4
Shields        | |  2.5

Action                   |  1- 3 |  4- 6 |  7- 9 || total
-------------------------+-------+-------+-------++-------
Melee: Rapier            |   138 |   218 |    91 ||   447
Evoke: Wand              |       |     7 |     3 ||    10
  Use: Scroll            |       |       |    10 ||    10
       Potion            |       |       |     1 ||     1
  Eat: Chunk             |     2 |     8 |     3 ||    13
Armor: Scale mail        |    51 |    79 |    25 ||   155
Dodge: Dodged            |    31 |    61 |    16 ||   108
Block: Kite shield       |    46 |    94 |    25 ||   165

Table legend:
 A = Non-vault XP
 B = Vault XP
 C = Vault XP percentage of total XP
 D = Non-vault monster count
 E = Vault monster count
 F = Vault count percentage of total count
                 A         B        C        D         E       F
            +---------+---------+-------+---------+---------+-------
      Total |     944 |     159 |  14.4 |     100 |       6 |   5.7
            +---------+---------+-------+---------+---------+-------
        D:1 |      26 |       0 |   0.0 |      14 |       0 |   0.0
        D:2 |      94 |       4 |   4.1 |      26 |       2 |   7.1
        D:3 |     229 |       0 |   0.0 |      31 |       0 |   0.0
        D:4 |     304 |     155 |  33.8 |      20 |       4 |  16.7
        D:5 |     291 |       0 |   0.0 |       9 |       0 |   0.0
            +---------+---------+-------+---------+---------+-------
